 Dungeon Crawl Stone Soup version 0.30-a0-371-gad7725a93e (webtiles) character file.

Game seed: 3264747822007243844

383 qeuew the Ducker (level 6, -1/48 HPs)
             Began as a Merfolk Gladiator on Nov 23, 2022.
             Was an Initiate of Fedhas.
             Slain by Grinder (5 damage)
             ... on level 4 of the Dungeon.
             The game lasted 00:03:56 (2297 turns).

qeuew the Ducker (Merfolk Gladiator)                Turns: 2297, Time: 00:03:57

Health: -1/48      AC:  4    Str: 16    XL:     6   Next: 76%
Magic:  6/6        EV: 14    Int:  6    God:    Fedhas [......]
Gold:   154        SH:  0    Dex: 15    Spells: 5/5 levels left

rFire   . . .      SeeInvis .    a - +0 trident
rCold   + . .      Faith    .    (no shield)
rNeg    . . .      Spirit   .    g - +1 leather armour {rC+}
rPois   .          Reflect  .    (helmet restricted)
rElec   .          Harm     .    (no cloak)
rCorr   .          Rampage  .    (no gloves)
Will    +....      Rage     3%   (no boots)
Stlth   +.........               (no amulet)
HPRegen 0.28/turn                k - ring of willpower
MPRegen 0.10/turn                (no ring)

@: no status effects
A: (nimble swimmer 2), mertail, horns 1, berserk 1, dopey 1
a: Renounce Religion


You were on level 4 of the Dungeon.
You worshipped Fedhas.
Fedhas was noncommittal.
You visited 1 branch of the dungeon, and saw 4 of its levels.
You also visited: Sewer.

You collected 154 gold pieces.

Inventory:

Hand Weapons
 a - a +0 trident (weapon)
Missiles
 d - 3 throwing nets (quivered)
 e - a javelin
Armour
 c - a +0 helmet
 g - a +1 leather armour of cold resistance (worn)
Jewellery
 k - a ring of willpower (left hand)
 p - a +6 ring of dexterity
Scrolls
 f - 3 scrolls of identify
 j - a scroll of summoning {unknown}
 m - a scroll of fear {unknown}
 o - a scroll of teleportation {unknown}
Potions
 b - 3 potions of heal wounds
 h - a potion of cancellation {unknown}
 i - a potion of resistance
 l - a potion of ambrosia
 n - 2 potions of curing {unknown}


   Skills:
 + Level 3.7 Fighting
 + Level 5.2 Polearms
 + Level 3.3 Throwing
 * Level 2.6 Armour
 + Level 5.3 Dodging


You had 5 spell levels left.
You didn't know any spells.
Your spell library contained the following spells:

 Spells                   Type           Power      Damage    Failure   Level
 Sting                    Tmut/Pois      0%         1d3       52%         1
 Ensorcelled Hibernation  Hex/Ice        0%         N/A       65%         2
 Poisonous Vapours        Pois/Air       0%         N/A       65%         2
 Spider Form              Tmut/Pois      0%         N/A       87%         3
 Anguish                  Hex/Necr       0%         N/A       99%         4
 Olgreb's Toxic Radiance  Pois           0%         N/A       99%         4
 Blade Hands              Tmut           0%         N/A       100%        5
 Irradiate                Conj/Tmut      0%         3d11      100%        5
 Dragon Form              Tmut           0%         N/A       100%        7


Dungeon Overview and Level Annotations

Branches:
Dungeon (4/15)              Sewer (visited)
 Temple: D:4-7

Altars:
Fedhas
Kikubaaqudgha

Annotations:
D:3 2 transporters
D:4 Grinder


Innate Abilities, Weirdness & Mutations

((You are very nimble when in or above water. (Stealth+, EV+, Speed+++)))
Your lower body shifts to a powerful aquatic tail in water.
You have a pair of small horns on your head.
You sometimes lose your temper in combat.
You are dopey. (Int -2)


Message History

Found 7 stones.
Grinder gestures at you. Pain shoots through your body!
You are too injured to fight recklessly!
You are too injured to fight recklessly!
You are too injured to fight recklessly!
You are too injured to fight recklessly!
You are too injured to fight recklessly!
You are too injured to fight recklessly!
You are too injured to fight recklessly!
You are too injured to fight recklessly!
You are too injured to fight recklessly!
You are too injured to fight recklessly!
You are too injured to fight recklessly!
You are too injured to fight recklessly!
You are too injured to fight recklessly!
You are too injured to fight recklessly!
You are too injured to fight recklessly!
Grinder barely misses you.
You hit Grinder. You headbutt Grinder.
Grinder is lightly wounded.
Grinder hits you.
You writhe in agony.
* * * LOW HITPOINT WARNING * * *
You closely miss Grinder.
Grinder is lightly wounded.
Grinder closely misses you.
You closely miss Grinder.
Grinder is lightly wounded.
Grinder blinks!
Grinder hits you.
* * * LOW HITPOINT WARNING * * *
You writhe in agony.
* * * LOW HITPOINT WARNING * * *
You hit Grinder but do no damage.
Grinder is lightly wounded.
Grinder hits you.
* * * LOW HITPOINT WARNING * * *
You writhe in agony.
You die...
Fedhas appreciates your contribution to the ecosystem.

...............~~.....~
.....(.......<..~~.....~
.......................~
................~~..†..~
..............(.~≈.....~
................##~~~~~#
................##~~~~~#
..................~.....
......5@...............+
.......................#
.......................#
..........†............#
.......[.)†............#
........♣♣♣♣'♣♣♣♣......#
........+.......'......#
........♣§§§..§.♣......#
.... ♣§§._.≈.♣......#


You could see Grinder.

Vanquished Creatures
  Pargi (Sewer)
  A black bear (D:4)
  A centaur (D:3)
  A hound (D:4)
  2 adders (D:3)
  An ufetubus (D:4)
  A worm (D:4)
  6 ball pythons
  4 bats
  4 endoplasms
  5 giant cockroaches
  7 goblins
  4 hobgoblins
  8 jackals
  4 kobolds
  A quokka (D:3)
  8 frilled lizards
  5 rats
64 creatures vanquished.

Notes
Turn   | Place    | Note
-------+----------+-------------------------------------------
     0 | D:1      | qeuew the Merfolk Gladiator began the quest for the Orb.
     0 | D:1      | Reached XP level 1. HP: 16/16 MP: 1/1
    73 | D:1      | Reached XP level 2. HP: 23/23 MP: 2/2
   375 | D:1      | Found a faded altar of an unknown god.
   414 | D:1      | Reached XP level 3. HP: 28/28 MP: 3/3
   760 | D:2      | Reached skill level 1 in Armour
  1097 | D:3      | Noticed a centaur
  1104 | D:3      | Killed a centaur
  1105 | D:3      | Reached XP level 4. HP: 27/35 MP: 4/4
  1105 | D:3      | Reached XP level 5. HP: 32/41 MP: 5/5
  1308 | D:3      | Found a transporter.
  1468 | D:3      | Found a transporter.
  1727 | D:3      | Found a blossoming altar of Fedhas.
  1796 | D:3      | Became a worshipper of Fedhas Madash
  1799 | D:3      | Gained mutation: You sometimes lose your temper in combat.
                  | [potion of mutation]
  1799 | D:3      | Gained mutation: You are dopey. (Int -2) [potion of
                  | mutation]
  1799 | D:3      | Gained mutation: You have a pair of small horns on your
                  | head. [potion of mutation]
  1873 | D:4      | Found a glowing drain.
  1884 | Sewer    | Entered a sewer
  1911 | Sewer    | Noticed Pargi
  1920 | Sewer    | Killed Pargi
  1921 | Sewer    | Reached skill level 5 in Polearms
  1921 | Sewer    | Reached skill level 5 in Dodging
  1921 | Sewer    | Reached XP level 6. HP: 23/47 MP: 6/6
  2153 | D:4      | Found an ancient bone altar of Kikubaaqudgha.
  2190 | D:4      | Noticed a black bear
  2192 | D:4      | Noticed Grinder
  2207 | D:4      | Killed a black bear
  2297 | D:4      | Slain by Grinder

Illustrated notes

Levels and vault maps discovered:
D:1:      minmay_arrival_glassed_features, layout_loops_ring,
          chequers_ecumenical_altar_simple, minivault_24
D:2:      layout_rooms
D:3:      gammafunk_steamed_eel, layout_loops_ring, fedhas_altar_fruit_tree
D:4:      kennysheep_goblin_castle, layout_basic, led_sif_pool,
          mainiacjoe_overflow_six_doors_small, cheibrodos_sewer_entry_sluice,
          uniq_grinder

Skill      XL: |  1  2  3  4  5 |
---------------+----------------+-----
Armour         | 1 2 |  2.6
Fighting       | 3 |  3.7
Polearms       | 5 |  5.2
Throwing       | 3 |  3.3
Dodging        | 5 |  5.3

Action                   |  1- 3 |  4- 6 || total
-------------------------+-------+-------++-------
Melee: Trident           |    91 |   105 ||   196
       Punch             |     1 |     1 ||     2
       Headbutt          |       |     8 ||     8
  Use: Scroll            |     3 |     1 ||     4
       Potion            |     2 |     3 ||     5
 Stab: Distracted        |     1 |       ||     1
       Sleeping          |       |     4 ||     4
Armor: Ring mail         |    16 |       ||    16
       Leather armour    |     4 |    36 ||    40
Dodge: Dodged            |    35 |   101 ||   136

Table legend: (Time is in decaauts)
 A = Elapsed time spent in this place.
 B = Non-inter-level travel time spent in this place.
 C = Inter-level travel time spent in this place.
 D = Time resting spent in this place.
 E = Time spent auto-exploring this place.
 F = Levels seen in this place.
 G = Mean time per level.
                   A        B        C        D        E       F      G
               +--------+--------+--------+--------+--------+-----+--------+
         Total |   2290 |   2187 |    103 |     20 |   1705 |   5 |  458.0 |
       Dungeon |   2068 |   1965 |    103 |     20 |   1537 |   4 |  517.0 |
         Sewer |    221 |    221 |      0 |      0 |    168 |   1 |  221.0 |
               +--------+--------+--------+--------+--------+-----+--------+

Top non-repeatable levels by time:
     D:3: 786 daAuts
     D:1: 760 daAuts
     D:2: 319 daAuts
   Sewer: 221 daAuts
     D:4: 201 daAuts
